[Event "Titled Tuesday Blitz April 12 Early 2022"]
[White "Nugumanov, Bakhtiyar"]
[Black "Rustemov, Alexander"]
[WhiteFideId "13701797"]
[BlackFideId "4119002"]
[WhiteElo "2262"]
[BlackElo "2803"]
[Result "0-1"]
[Round "06"]
[TimeControl "180+1"]
[Date "2022.04.13"]
[WhiteClock "0:00:03"]
[BlackClock "0:00:54"]

1. Nf3 c5 2. c4 g6 3. e4 Bg7 4. d4 Qa5+ 5. Bd2 Qb6 6. Bc3 cxd4 7. Nxd4 d6 8. g3 Nf6 9. Bg2 O-O 10. O-O Nc6 11. Nxc6 bxc6 12. e5 dxe5 13. Bxe5 Be6 14. Qc2 Qc5 15. Re1 Qxc4 16. Qxc4 Bxc4 17. Bxc6 Rac8 18. Bb7 Rcd8 19. Na3 Be6 20. b3 Rd2 21. Bc3 Rd3 22. Bb2 Rfd8 23. Rac1 Ng4 24. Bxg7 Kxg7 25. Kg2 Rd2 26. Rf1 Rxa2 27. Nb5 Rdd2 0-1


[Site "https://www.chess.com"]

[Event "Titled Tuesday Blitz April 12 Early 2022"]
[White "Oganian, Miran"]
[Black "Tasev, Dejan"]
[WhiteFideId "4122488"]
[BlackFideId "936618"]
[WhiteElo "2357"]
[BlackElo "2253"]
[Result "1-0"]
[Round "06"]
[TimeControl "180+1"]
[Date "2022.04.12"]
[WhiteClock "0:00:31"]
[BlackClock "0:00:40"]

1. e4 e5 2. Nf3 Nf6 3. Nc3 Nc6 4. d4 exd4 5. Nxd4 Bc5 6. Be3 Bb6 7. Nxc6 bxc6 8. Bxb6 axb6 9. Bd3 d6 10. O-O O-O 11. h3 Re8 12. f4 Nd7 13. Qf3 Nc5 14. Rae1 Nxd3 15. cxd3 b5 16. a3 Bd7 17. e5 Rb8 18. d4 b4 19. Ne4 bxa3 20. bxa3 Bc8 21. Kh1 Ba6 22. Rf2 Bc4 23. Qg3 Kh8 24. f5 dxe5 25. f6 g6 26. Qg5 Rg8 27. Qh6 Qf8 28. Qxf8 Rgxf8 29. dxe5 Rfe8 30. Ng5 h6 31. Rf4 hxg5 32. Rxc4 Re6 33. a4 Ra8 34. h4 gxh4 35. Rxh4+ Kg8 36. Re3 1-0


[Site "https://www.chess.com"]

[Event "Titled Tuesday Blitz April 12 Early 2022"]
[White "Omelja, Artem"]
[Black "Melikhov, Evgeny V."]
[WhiteFideId "14119846"]
[BlackFideId "4122046"]
[WhiteElo "2382"]
[BlackElo "1931"]
[Result "0-1"]
[Round "06"]
[TimeControl "180+1"]
[Date "2022.04.13"]
[WhiteClock "0:01:07"]
[BlackClock "0:01:53"]

1. d4 Nf6 2. c4 e6 3. Nf3 d5 4. Nc3 Bb4 5. cxd5 exd5 6. Qa4+ Nc6 7. Bg5 h6 8. Bxf6 Qxf6 9. e3 O-O 10. Bb5 Bg4 11. Bxc6 Bxc3+ 12. bxc3 Bxf3 13. Bxb7 Bxg2 14. Rg1 Rab8 15. Qxa7 Bf3 16. Qa6 Qxa6 17. Bxa6 Rb2 18. Rg3 Be4 19. a4 Rfb8 20. Bb5 Rc2 21. Ra3 c6 22. Rb3 cxb5 23. axb5 Ra8 24. Rb1 Raa2 25. Rd1 Re2+ 26. Kf1 Rxf2+ 27. Kg1 Rxh2 28. Rg2 Raxg2+ 29. Kf1 Rh1# 0-1


[Site "https://www.chess.com"]

[Event "Titled Tuesday Blitz April 12 Early 2022"]
[White "Onslow, Alfie"]
[Black "Odegov, Artem"]
[WhiteFideId "436976"]
[BlackFideId "34183644"]
[WhiteElo "1884"]
[BlackElo "2286"]
[Result "1-0"]
[Round "06"]
[TimeControl "180+1"]
[Date "2022.04.13"]
[WhiteClock "0:00:02"]
[BlackClock "0:00:01"]

1. e4 e6 2. d4 d5 3. e5 c5 4. c3 Qb6 5. Nf3 Nc6 6. Bd3 cxd4 7. cxd4 Bd7 8. Nc3 a6 9. O-O Nxd4 10. Nxd4 Qxd4 11. Re1 Qa7 12. Qg4 g6 13. h4 h5 14. Qf3 Bc5 15. Bg5 Ne7 16. Bf6 Rg8 17. a3 Rc8 18. Rac1 Nc6 19. b4 Nd4 20. Qf4 Bb6 21. Qh6 Nf5 22. Qh7 Bxf2+ 23. Kh2 Rf8 24. Bxf5 gxf5 25. Rf1 Qe3 26. Rxf2 Qxf2 27. Bg5 Qb2 28. Qg7 Qxc1 29. Bxc1 Bb5 30. Bg5 Kd7 31. Nxb5 axb5 32. Qf6 Kc6 33. Qe7 d4 34. Qf6 Kd5 35. Bd2 Ke4 36. Qg5 Rc2 37. Qg3 Kd5 38. Qf4 Rfc8 39. Qf3+ Kxe5 40. Bf4+ Kf6 41. Qxh5 e5 42. Qg5+ Ke6 43. Qh6+ f6 44. Bg5 R8c6 45. Qxf6+ Kd5 46. Qf7+ Ke4 47. Qh7 d3 48. Qd7 R6c4 49. Qxb7+ Rc6 50. Qxb5 R2c4 51. Qa4 Rd4 52. Qd1 Kd5 53. Qd2 e4 54. Be3 Rc2 55. Qe1 Rdc4 56. Qg3 Re2 57. Qg8+ Kd6 58. Qf8+ Kc7 59. Qf7+ Kb8 60. Qxc4 Rxe3 61. Qg8+ Kb7 62. Qg7+ Ka6 63. Qf6+ Kb5 64. Qe5+ Ka4 65. Qxf5 Re2 66. Qd7+ Kxa3 67. b5 Rb2 68. Qd5 d2 69. b6 e3 70. Qd4 e2 71. Qd3+ 1-0


[Site "https://www.chess.com"]

[Event "Titled Tuesday Blitz April 12 Early 2022"]
[White "Osmonbekov, Talaibek"]
[Black "Kouskoutis, Georgios-Alexandros"]
[WhiteFideId "2017253"]
[BlackFideId "4234049"]
[WhiteElo "2135"]
[BlackElo "2130"]
[Result "0-1"]
[Round "06"]
[TimeControl "180+1"]
[Date "2022.04.13"]
[WhiteClock "0:00:01"]
[BlackClock "0:00:06"]

1. d4 Nf6 2. Nc3 d5 3. Bf4 c6 4. e3 Bf5 5. f3 e6 6. g4 Bg6 7. h4 h6 8. h5 Bh7 9. Bd3 Bd6 10. Nge2 Bxf4 11. exf4 Bxd3 12. Qxd3 Nbd7 13. Qe3 Qe7 14. O-O-O O-O-O 15. Ng3 Rde8 16. g5 Nh7 17. g6 fxg6 18. hxg6 Nhf6 19. Rde1 Qd6 20. Re2 Nb6 21. b3 Rhf8 22. Kb2 Nfd7 23. Nh5 Re7 24. a4 a5 25. Rhe1 Rf5 26. Ng3 Rxf4 27. Nh5 Rf5 28. Rh1 e5 29. f4 e4 30. Nd1 Qxg6 31. Reh2 Qd6 32. Nf2 Qb4 33. Ka2 c5 34. c3 cxd4 0-1


[Site "https://www.chess.com"]

[Event "Titled Tuesday Blitz April 12 Early 2022"]
[White "Padmini, Rout"]
[Black "Zhu, Jiner"]
[WhiteFideId "5029295"]
[BlackFideId "8608059"]
[WhiteElo "2181"]
[BlackElo "2281"]
[Result "0-1"]
[Round "06"]
[TimeControl "180+1"]
[Date "2022.04.13"]
[WhiteClock "0:00:01"]
[BlackClock "0:00:24"]

1. Nf3 Nf6 2. g3 e6 3. Bg2 d5 4. O-O c5 5. d3 Nc6 6. Nbd2 Be7 7. e4 O-O 8. Re1 Rb8 9. e5 Nd7 10. Nf1 b5 11. h4 b4 12. N1h2 a5 13. h5 h6 14. Ng4 Ba6 15. Bf4 Nd4 16. Nxd4 cxd4 17. Nxh6+ gxh6 18. Bxh6 Kh7 19. Bxf8 Qxf8 20. Qg4 Bc5 21. Bxd5 exd5 22. Qf5+ Kh8 23. Qxd7 Bc8 24. Qc6 Be6 25. Kg2 Rc8 26. Qa6 Qd8 27. Rh1 Bb6 28. h6 Bd7 29. Qb7 Rb8 30. Qxd5 Bh3+ 0-1


[Site "https://www.chess.com"]

[Event "Titled Tuesday Blitz April 12 Early 2022"]
[White "Pakleza, Zbigniew"]
[Black "Coto Mederos, Michel"]
[WhiteFideId "1119290"]
[BlackFideId "3508528"]
[WhiteElo "2467"]
[BlackElo "2427"]
[Result "1-0"]
[Round "06"]
[TimeControl "180+1"]
[Date "2022.04.12"]
[WhiteClock "0:00:05"]
[BlackClock "0:00:04"]

1. Nf3 d5 2. c4 e6 3. g3 Nf6 4. Bg2 c5 5. O-O Nc6 6. b3 d4 7. e3 Be7 8. exd4 cxd4 9. d3 O-O 10. Re1 Nd7 11. Ba3 e5 12. Bxe7 Qxe7 13. a3 a5 14. Nbd2 Nc5 15. Ne4 Bf5 16. Nxc5 Qxc5 17. Ng5 Rfe8 18. Bd5 Bg6 19. Qf3 Re7 20. b4 Qb6 21. c5 Qc7 22. b5 Nd8 23. Rec1 h6 24. Ne4 Ne6 25. b6 Qd8 26. Bxb7 Rxb7 27. Nf6+ Qxf6 28. Qxb7 Rf8 29. Qd5 Bxd3 30. c6 Ng5 31. Re1 Nh3+ 32. Kh1 Nxf2+ 33. Kg2 Ng4 34. Qf3 Qg6 35. b7 e4 36. Qf4 Qxc6 37. b8=Q Qc2+ 38. Kh3 Nf2+ 39. Qxf2 Qxf2 40. Qf4 Qxf4 41. gxf4 e3 42. Rad1 Bf5+ 43. Kg3 Rd8 44. Kf3 Bg6 45. Kg4 f5+ 46. Kh4 Kf7 47. Rd3 Ke7 48. Red1 Bf7 49. Kg3 Bc4 50. Rxd4 Rxd4 51. Rxd4 e2 52. Kf2 Ba6 53. Rd5 g6 54. Rxa5 Bc4 55. a4 Ke6 56. Ra8 Kf6 57. a5 g5 58. fxg5+ hxg5 59. a6 f4 60. a7 Bd5 61. Rd8 Be4 62. Re8 Bc6 63. Rc8 Bd5 64. Kxe2 g4 65. Kf2 Kg5 66. a8=Q Bxa8 67. Rxa8 g3+ 68. hxg3 fxg3+ 69. Kxg3 1-0


[Site "https://www.chess.com"]

[Event "Titled Tuesday Blitz April 12 Early 2022"]
[White "Palachev, Petr"]
[Black "Zierk, Steven"]
[WhiteFideId "24129003"]
[BlackFideId "2034255"]
[WhiteElo "2339"]
[BlackElo "2494"]
[Result "0-1"]
[Round "06"]
[TimeControl "180+1"]
[Date "2022.04.12"]
[WhiteClock "0:00:01"]
[BlackClock "0:00:09"]

1. d4 Nf6 2. c4 g6 3. Nc3 Bg7 4. e4 d6 5. Nf3 O-O 6. Be2 Nbd7 7. O-O e5 8. Be3 Qe7 9. Qc2 c6 10. d5 c5 11. a3 Ng4 12. Bg5 f6 13. Bd2 f5 14. h3 Ngf6 15. Bd3 fxe4 16. Nxe4 Nxe4 17. Bxe4 Nf6 18. Bg5 Qf7 19. Nd2 Nxe4 20. Nxe4 Bf5 21. f3 h6 22. Be3 b5 23. g4 Bxe4 24. fxe4 Qb7 25. Rxf8+ Rxf8 26. Rf1 bxc4 27. Rxf8+ Bxf8 28. Bd2 Qa6 29. Kg2 Kh7 30. Bc3 Be7 31. Qe2 Bg5 32. Qf2 Kg7 33. h4 Be7 34. h5 Qc8 35. Qf3 gxh5 36. gxh5 Bg5 37. Qh3 Qe8 38. Qg4 Kh8 39. Qf3 Kg8 40. Qg4 Kh8 41. Qf3 Qg8 42. Kh3 Kg7 43. Qf5 Qe8 44. Kg4 Bc1 45. a4 a6 46. Qe6 Qxe6+ 47. dxe6 Kf6 48. e7 Kxe7 49. Kf5 Kf7 50. Kg4 Ke7 51. Kf5 Kf7 52. Kg4 Ke6 53. Kh4 d5 54. exd5+ Kxd5 55. Kg4 Ke4 56. a5 Be3 57. Kg3 Bf4+ 0-1


[Site "https://www.chess.com"]

[Event "Titled Tuesday Blitz April 12 Early 2022"]
[White "Papadiamandis, Elliot"]
[Black "Bachmann, Axel"]
[WhiteFideId "36074160"]
[BlackFideId "3700488"]
[WhiteElo "2088"]
[BlackElo "2587"]
[Result "1-0"]
[Round "06"]
[TimeControl "180+1"]
[Date "2022.04.13"]
[WhiteClock "0:01:32"]
[BlackClock "0:00:12"]

1. e4 c5 2. Nc3 a6 3. Nge2 d6 4. g3 g6 5. Bg2 Bg7 6. O-O Nc6 7. d3 e6 8. f4 Nge7 9. Be3 b5 10. f5 Bd4 11. Bxd4 Nxd4 12. Nxd4 cxd4 13. Ne2 e5 14. c3 Qb6 15. cxd4 Nc6 16. Kh1 Nxd4 17. Nc3 Bb7 18. Qd2 O-O-O 19. fxg6 fxg6 20. Rf7 h5 21. h4 Kb8 22. Raf1 Rhg8 23. Qg5 Qc6 24. Nd5 Qc2 25. Rxb7+ Kxb7 26. Qe7+ Kb8 27. Rf7 Qc6 28. Qa7+ Kc8 29. Ne7# 1-0


[Site "https://www.chess.com"]

[Event "Titled Tuesday Blitz April 12 Early 2022"]
[White "Petrova, Irina"]
[Black "Silvestre, Christian"]
[WhiteFideId "14124122"]
[BlackFideId "30956269"]
[WhiteElo "1993"]
[BlackElo "2448"]
[Result "0-1"]
[Round "06"]
[TimeControl "180+1"]
[Date "2022.04.13"]
[WhiteClock "0:00:11"]
[BlackClock "0:00:17"]

1. e4 c5 2. Nf3 Nc6 3. Bb5 e6 4. Bxc6 bxc6 5. O-O d5 6. exd5 cxd5 7. b3 Nf6 8. Bb2 Be7 9. d3 O-O 10. Nbd2 a5 11. c4 a4 12. bxa4 Bd7 13. Nb3 Bxa4 14. Ne5 Qc7 15. Qf3 d4 16. Ng4 Nxg4 17. Qxg4 f5 18. Qe2 e5 19. Rfe1 Bd6 20. Rab1 Rae8 21. Bc1 e4 22. g3 exd3 23. Qf1 Rxe1 24. Qxe1 Re8 25. Qd1 Bc6 26. Ba3 Ba8 27. Nd2 Qc6 28. f3 Re2 29. Rb2 Qc7 30. Qa4 Bc6 31. Rb8+ Qxb8 32. Qxc6 Rxd2 33. Qd5+ Kh8 34. Bc1 Rd1+ 35. Kg2 Rxc1 36. Qxf5 d2 0-1


[Site "https://www.chess.com"]

[Event "Titled Tuesday Blitz April 12 Early 2022"]
[White "Pichot, Alan"]
[Black "Potapova, Margarita"]
[WhiteFideId "110973"]
[BlackFideId "14126869"]
[WhiteElo "2579"]
[BlackElo "2216"]
[Result "1-0"]
[Round "06"]
[TimeControl "180+1"]
[Date "2022.04.12"]
[WhiteClock "0:01:51"]
[BlackClock "0:00:03"]

1. e4 c5 2. Nf3 d6 3. d4 cxd4 4. Nxd4 Nf6 5. Nc3 a6 6. Bg5 e6 7. f4 h6 8. Bh4 Qb6 9. a3 Be7 10. Bf2 Qc7 11. Qf3 b5 12. O-O-O Bb7 13. g4 Nbd7 14. h4 Nc5 15. Bd3 h5 16. g5 Ng4 17. Bg3 O-O-O 18. Rhe1 Kb8 19. Bf1 g6 20. Kb1 Ka8 21. Qe2 e5 22. Nb3 exf4 23. Bxf4 Ne6 24. Bg3 Bf8 25. Nd5 Bxd5 26. exd5 Nc5 27. Nd4 Bg7 28. c3 Ne5 29. Nc6 Nxc6 30. dxc6 Qxc6 31. Bxd6 Nb7 32. Bg2 Qb6 33. Qe7 Ka7 34. Bc5 1-0


[Site "https://www.chess.com"]

[Event "Titled Tuesday Blitz April 12 Early 2022"]
[White "Piesik, Piotr"]
[Black "Zhigalko, Sergei"]
[WhiteFideId "1136194"]
[BlackFideId "13502956"]
[WhiteElo "2190"]
[BlackElo "2662"]
[Result "1/2-1/2"]
[Round "06"]
[TimeControl "180+1"]
[Date "2022.04.12"]
[WhiteClock "0:00:07"]
[BlackClock "0:00:03"]

1. Nf3 d5 2. g3 c6 3. Bg2 Bg4 4. O-O Nd7 5. d3 e6 6. Nbd2 Bd6 7. e4 Ne7 8. h3 Bh5 9. Qe1 O-O 10. Nh4 Re8 11. f4 f6 12. Kh2 Qc7 13. Nb3 a5 14. a4 Bf7 15. Bd2 b6 16. Nf3 e5 17. fxe5 Nxe5 18. Nxe5 Bxe5 19. Bf4 Ng6 20. Bxe5 Rxe5 21. Nd4 Rae8 22. Qf2 c5 23. Nb5 Qd7 24. Rae1 d4 25. h4 R5e7 26. Bh3 Be6 27. Bxe6+ Rxe6 28. Qf5 Ne5 29. b3 g6 30. Qf4 h5 31. Kg2 Kh7 32. Re2 R8e7 33. Na3 Ng4 34. Nc4 f5 35. Rfe1 Qc6 36. Kg1 Nf6 37. e5 Ng4 38. Rf1 Qd5 39. Rfe1 Kg7 40. Qf1 Nxe5 41. Nxe5 Rxe5 42. Rxe5 Rxe5 43. Rxe5 Qxe5 44. Qf3 Qe1+ 45. Kg2 Qd2+ 46. Kh3 Qe1 47. Qb7+ Kh6 48. Qa8 Qf1+ 49. Kh2 Qe2+ 50. Kh3 Qf1+ 51. Kh2 Qf2+ 52. Kh3 Kg7 53. Qb7+ Kh6 54. Qa8 Qf1+ 1/2-1/2


[Site "https://www.chess.com"]

[Event "Titled Tuesday Blitz April 12 Early 2022"]
[White "Plazuelo Pascual, Juan"]
[Black "Kosteniuk, Alexandra"]
[WhiteFideId "32059566"]
[BlackFideId "4128125"]
[WhiteElo "2359"]
[BlackElo "2469"]
[Result "1-0"]
[Round "06"]
[TimeControl "180+1"]
[Date "2022.04.13"]
[WhiteClock "0:00:04"]
[BlackClock "0:00:02"]

1. d4 Nf6 2. c4 e6 3. Nf3 c5 4. d5 b5 5. e4 Nxe4 6. Bd3 Nf6 7. O-O bxc4 8. Bxc4 Qb6 9. Nc3 Be7 10. Qe2 O-O 11. Bg5 Ba6 12. b3 Re8 13. Rfe1 exd5 14. Bxf6 dxc4 15. Nd5 Qxf6 16. Nxf6+ gxf6 17. Nh4 Nc6 18. Nf5 Ne5 19. bxc4 Bf8 20. Qe3 Bxc4 21. Qg3+ Ng6 22. Nd6 Bxd6 23. Qxd6 Be6 24. Qxc5 Rec8 25. Qd4 f5 26. h4 h5 27. Qf6 Rc4 28. g3 f4 29. Rac1 Rac8 30. Rxc4 Rxc4 31. Rb1 fxg3 32. Rb8+ Kh7 33. fxg3 Rc1+ 34. Kf2 Rc2+ 35. Ke3 Rxa2 36. Rb5 Ra3+ 37. Kd2 Rxg3 38. Rxh5+ Kg8 39. Rc5 Rg2+ 40. Kc1 Rg1+ 41. Kb2 Rg2+ 42. Ka3 Rg3+ 43. Kb4 Rg4+ 44. Ka5 Rxh4 45. Rg5 Rh7 46. Qd8+ Kg7 47. Qc7 Rh6 48. Rg1 Rh5+ 49. Ka6 Rd5 50. Qc3+ Kf8 51. Rb1 Ke7 52. Kxa7 Ne5 53. Qb4+ Kf6 54. Qb8 Ke7 55. Ka8 Nc6 56. Qb6 Ra5+ 57. Kb7 Rd5 58. Rc1 Rd6 59. Kc7 Rd5 60. Re1 Rd3 61. Qa6 Rd5 62. Qa3+ Kf6 63. Rf1+ Kg6 64. Qg3+ Rg5 65. Qd3+ Kg7 66. Qc3+ Kf8 67. Qf6 Rd5 68. Rh1 1-0


[Site "https://www.chess.com"]

[Event "Titled Tuesday Blitz April 12 Early 2022"]
[White "Pranav, V"]
[Black "Gunina, Valentina"]
[WhiteFideId "25060783"]
[BlackFideId "4167570"]
[WhiteElo "2349"]
[BlackElo "2381"]
[Result "0-1"]
[Round "06"]
[TimeControl "180+1"]
[Date "2022.04.12"]
[WhiteClock "0:00:04"]
[BlackClock "0:00:12"]

1. e4 c6 2. d4 d5 3. e5 c5 4. Nf3 cxd4 5. Qxd4 Nc6 6. Qf4 e6 7. Nc3 f6 8. Bb5 Qc7 9. O-O fxe5 10. Qxe5 Bd6 11. Qh5+ g6 12. Qh4 Ne7 13. Bd3 a6 14. Bg5 Bd7 15. a3 O-O-O 16. b4 h6 17. Bf6 Rhf8 18. b5 g5 19. Qxh6 Ng8 20. Bxd8 Nxd8 21. Qg7 g4 22. Ne5 Nf6 23. b6 Qxb6 24. Nxd7 Nxd7 25. Qxg4 Qc7 26. Nxd5 exd5 27. h4 Kb8 28. Be2 Nf6 29. Qg5 Ne4 30. Qxd5 Bh2+ 31. Kh1 Nxf2+ 32. Rxf2 Rxf2 33. Bf3 Bg3 34. Rd1 Bxh4 35. Qd4 Qh7 36. Qf4+ Ka8 37. Kg1 Rxc2 38. Rd6 Bf2+ 39. Kf1 Qh1# 0-1


[Site "https://www.chess.com"]

[Event "Titled Tuesday Blitz April 12 Early 2022"]
[White "Prohorov, Olexandr"]
[Black "Skuhala, Barbara"]
[WhiteFideId "14105578"]
[BlackFideId "14605465"]
[WhiteElo "1993"]
[BlackElo "2155"]
[Result "1-0"]
[Round "06"]
[TimeControl "180+1"]
[Date "2022.04.13"]
[WhiteClock "0:00:05"]
[BlackClock "0:00:31"]

1. Nf3 Nf6 2. c4 e6 3. Nc3 d5 4. d4 Be7 5. Bf4 O-O 6. e3 b6 7. Rc1 c6 8. Bd3 Bb7 9. O-O Nbd7 10. h3 Rc8 11. Qe2 c5 12. cxd5 exd5 13. Ba6 Bxa6 14. Qxa6 Ra8 15. dxc5 bxc5 16. Rfd1 Nb6 17. b3 Qc8 18. Qa5 Rd8 19. Na4 Nxa4 20. Qxa4 Qd7 21. Qa5 Qb7 22. Be5 Qb6 23. Bc7 Qxa5 24. Bxa5 Rd7 25. Ne5 Rb7 26. g4 h6 27. Nd3 Rc8 28. Nf4 Rd7 29. Kg2 g5 30. Nd3 Rb7 31. Ne5 Bd6 32. Nf3 Rb5 33. Bc3 Ne4 34. Rxd5 Bf8 35. Ba1 Ra5 36. Rc2 Ra6 37. Ne5 Bg7 38. f3 Bxe5 39. Rxe5 Nd6 40. Re7 c4 41. Be5 Nb5 42. Rxc4 Rxa2+ 43. Kg3 Rxc4 44. bxc4 Na3 45. Re8+ Kh7 46. c5 Nc2 47. c6 Nxe3 48. h4 Nf1+ 49. Kh3 f6 50. Re7+ Kg6 51. h5# 1-0


[Site "https://www.chess.com"]

[Event "Titled Tuesday Blitz April 12 Early 2022"]
[White "Raahul V S"]
[Black "Vokarev, Sergey"]
[WhiteFideId "25035525"]
[BlackFideId "4119711"]
[WhiteElo "2185"]
[BlackElo "2343"]
[Result "1-0"]
[Round "06"]
[TimeControl "180+1"]
[Date "2022.04.13"]
[WhiteClock "0:01:16"]
[BlackClock "0:00:42"]

1. b3 e5 2. Bb2 Nc6 3. c4 Nf6 4. e3 g6 5. Nf3 d6 6. d4 exd4 7. Nxd4 Bg7 8. Nc3 O-O 9. Be2 Nxd4 10. Qxd4 Bf5 11. Qd2 Ne4 12. Nxe4 Bxb2 13. Qxb2 Bxe4 14. f3 Bc6 15. O-O f5 16. Rad1 Qe7 17. Rd3 a5 18. Qd4 b6 19. a3 Rfe8 20. Bd1 Qe5 21. b4 axb4 22. axb4 Ra2 23. c5 Qxd4 24. exd4 Rb2 25. Rb3 Rxb3 26. Bxb3+ Kg7 27. cxd6 cxd6 28. Rc1 Bb5 29. Rc7+ Kf6 30. h4 Re7 31. Rc8 Ba6 32. Rc6 Rb7 33. Rxd6+ Ke7 34. Re6+ Kd7 35. Rf6 Bb5 36. Bg8 Ke8 37. h5 gxh5 38. Rxf5 Bd3 39. Rxh5 Rd7 40. d5 Rg7 41. Be6 b5 42. d6 Rg6 43. d7+ Kd8 44. Bh3 1-0


[Site "https://www.chess.com"]

[Event "Titled Tuesday Blitz April 12 Early 2022"]
[White "Roebers, Jan"]
[Black "Bettalli, Francesco"]
[WhiteFideId "1007815"]
[BlackFideId "2816453"]
[WhiteElo "2162"]
[BlackElo "2216"]
[Result "0-1"]
[Round "06"]
[TimeControl "180+1"]
[Date "2022.04.13"]
[WhiteClock "0:00:50"]
[BlackClock "0:02:18"]

1. e4 e5 2. Nf3 Nf6 3. Nxe5 Nc6 4. Nxc6 dxc6 5. e5 Ne4 6. d3 Nc5 7. Be2 Qd4 8. Be3 Qb4+ 9. c3 Qxb2 10. Nd2 Qxc3 11. O-O Ne6 12. Ne4 Qxe5 13. f4 Qd5 14. f5 Nd4 15. f6 g6 16. Bf3 Nxf3+ 17. Qxf3 Be6 18. a4 Bd6 19. Nxd6+ cxd6 20. Qf4 Kd7 21. Rfb1 c5 22. a5 Rhe8 23. d4 c4 24. Rb4 Rac8 25. Rab1 Rc7 26. Qg3 Bf5 27. Rd1 c3 28. Bf4 c2 29. Rc1 Re4 30. h3 Rxd4 31. Rxd4 Qxd4+ 32. Kh2 Rc3 33. Qe1 Qxf4+ 34. g3 Rxg3 35. Qe7+ Kc6 36. Qe8+ Kd5 37. Qb5+ Ke6 38. Qb3+ Rxb3+ 0-1


[Site "https://www.chess.com"]

[Event "Titled Tuesday Blitz April 12 Early 2022"]
[White "Rohith Krishna S"]
[Black "Bychkov, Vladimir"]
[WhiteFideId "46617051"]
[BlackFideId "24151513"]
[WhiteElo "2117"]
[BlackElo "2197"]
[Result "1/2-1/2"]
[Round "06"]
[TimeControl "180+1"]
[Date "2022.04.12"]
[WhiteClock "0:00:47"]
[BlackClock "0:00:03"]

1. e4 e6 2. d4 d5 3. e5 c5 4. c3 Bd7 5. Nf3 Qb6 6. Bd3 cxd4 7. cxd4 Bb5 8. O-O Bxd3 9. Qxd3 Nc6 10. Nc3 Qa6 11. Qxa6 bxa6 12. a3 Na5 13. Be3 Ne7 14. b4 Nc4 15. Nd2 Rc8 16. Nxc4 Rxc4 17. Na4 Nf5 18. Rfc1 Rxc1+ 19. Rxc1 Kd7 20. g4 Nh4 21. f4 Be7 22. Nc5+ Bxc5 23. Rxc5 Rc8 24. Kf2 Ng6 25. h3 Rxc5 26. bxc5 Kc6 27. a4 Kd7 28. Kf3 Ne7 29. Bd2 Nc6 30. Bc3 Ke7 31. Ke3 g6 32. Be1 Kd7 33. Kd3 Ke8 34. Ke3 Kd7 35. f5 exf5 36. gxf5 gxf5 37. Bc3 Ke6 38. Kf4 h6 39. Ke3 f6 40. exf6 Kxf6 41. Be1 Kg5 42. Bf2 f4+ 43. Kf3 Kf5 44. Bg1 h5 45. Bf2 Kg5 46. Bg1 Kf5 47. Bf2 Na5 48. Be1 Nb3 49. Bc3 Nc1 50. Bd2 Nd3 51. Bc3 Nc1 52. Bb2 Nd3 53. Bc3 Nc1 1/2-1/2


[Site "https://www.chess.com"]

[Event "Titled Tuesday Blitz April 12 Early 2022"]
[White "Rostovtsev, Dmitry"]
[Black "Kazakouski, Valery"]
[WhiteFideId "34278320"]
[BlackFideId "13507443"]
[WhiteElo "2272"]
[BlackElo "2524"]
[Result "0-1"]
[Round "06"]
[TimeControl "180+1"]
[Date "2022.04.12"]
[WhiteClock "0:00:12"]
[BlackClock "0:00:18"]

1. e4 c5 2. Nf3 a6 3. c3 d5 4. exd5 Qxd5 5. d4 Bg4 6. Be2 Nf6 7. dxc5 Qxc5 8. Be3 Qc7 9. Na3 e6 10. Nc4 Nbd7 11. Nd4 Bxe2 12. Qxe2 Rc8 13. Nd2 Bd6 14. h3 O-O 15. O-O Nd5 16. Bg5 h6 17. Bh4 Nf4 18. Qe3 Ng6 19. Bg3 Bxg3 20. fxg3 Nb6 21. Rae1 Nd5 22. Qf2 b5 23. N2f3 Rfe8 24. Kh2 e5 25. Nf5 e4 26. N3d4 Rcd8 27. Re2 Re5 28. Rfe1 Rde8 29. Rf1 Nf8 30. Nb3 Ne6 31. Nbd4 Nc5 32. Ne3 Nd3 33. Qg1 g6 34. Nxd5 Rxd5 35. Qe3 Kg7 36. Rd2 Re7 37. Rfd1 h5 38. Re2 h4 39. Rxd3 exd3 40. Qxe7 Qxe7 41. Rxe7 d2 42. Ne6+ Kf6 43. Nf4 d1=Q 44. Nxd5+ Qxd5 45. Re3 hxg3+ 46. Rxg3 Qxa2 47. Rf3+ Kg7 48. b4 Qd2 49. Kg3 Qd6+ 50. Kf2 f5 51. Kg1 Qd1+ 52. Kh2 Qd2 53. Kh1 Kf6 54. Kh2 g5 55. Kh1 f4 56. Kh2 Kf5 57. Kh1 Ke4 58. Kh2 Qe2 59. Kh1 Qxf3 0-1


[Site "https://www.chess.com"]

[Event "Titled Tuesday Blitz April 12 Early 2022"]
[White "Rudykh, Stepan"]
[Black "Zavgorodniy, Sergiy"]
[WhiteFideId "4180321"]
[BlackFideId "14110148"]
[WhiteElo "2176"]
[BlackElo "2420"]
[Result "0-1"]
[Round "06"]
[TimeControl "180+1"]
[Date "2022.04.13"]
[WhiteClock "0:02:22"]
[BlackClock "0:02:44"]

1. e4 e5 2. Nf3 d6 3. d4 exd4 4. Nxd4 Nf6 5. Nc3 Be7 6. Bc4 O-O 7. O-O c6 8. Qe2 b5 9. Bb3 a6 10. h3 c5 11. Bd5 Nxd5 12. Nxd5 cxd4 0-1


[Site "https://www.chess.com"]

[Event "Titled Tuesday Blitz April 12 Early 2022"]
[White "Sadilek, Peter"]
[Black "Kakulidis, Ellen"]
[WhiteFideId "1616439"]
[BlackFideId "1444972"]
[WhiteElo "2145"]
[BlackElo "1852"]
[Result "1-0"]
[Round "06"]
[TimeControl "180+1"]
[Date "2022.04.13"]
[WhiteClock "0:00:14"]
[BlackClock "0:00:01"]

1. Nf3 d5 2. d4 e6 3. c4 Be7 4. Nc3 Nf6 5. g3 O-O 6. Bg2 c6 7. O-O a5 8. b3 b6 9. Bb2 Ba6 10. Nd2 b5 11. e4 bxc4 12. e5 Nfd7 13. bxc4 dxc4 14. Nde4 Nb6 15. Qe2 Ra7 16. Rfd1 Rd7 17. Nc5 Rxd4 18. N3e4 Rxd1+ 19. Rxd1 Qc7 20. Nd6 h6 21. Nxa6 Nxa6 22. Nxc4 Nxc4 23. Qxc4 Nb4 24. a3 Nd5 25. Rc1 Qb6 26. Bd4 Qb5 27. a4 Qb4 28. Ba1 Rc8 29. Qa6 Rb8 30. Qxc6 Bg5 31. f4 Be7 32. Bxd5 exd5 33. Qxd5 Rd8 34. Qf3 Bc5+ 35. Kg2 Rd2+ 36. Kh3 Qb6 37. Qa8+ Kh7 38. Qe4+ g6 39. e6 Qxe6+ 40. Qxe6 fxe6 41. Rxc5 Ra2 42. Rc7+ Kg8 43. Be5 Rxa4 44. Ra7 Ra2 45. Kg4 a4 46. h4 a3 47. h5 gxh5+ 48. Kxh5 Rh2+ 49. Kg6 Kf8 50. Rxa3 Ke7 51. Ra7+ Kd8 52. g4 1-0


[Site "https://www.chess.com"]

[Event "Titled Tuesday Blitz April 12 Early 2022"]
[White "Samant Aditya S"]
[Black "Devaev, Alexander"]
[WhiteFideId "35080580"]
[BlackFideId "4169395"]
[WhiteElo "1916"]
[BlackElo "2185"]
[Result "1-0"]
[Round "06"]
[TimeControl "180+1"]
[Date "2022.04.13"]
[WhiteClock "0:00:19"]
[BlackClock "0:00:01"]

1. d4 Nf6 2. c4 e6 3. Nf3 c5 4. d5 exd5 5. cxd5 d6 6. Nc3 g6 7. g3 Bg7 8. Bg2 O-O 9. O-O a6 10. a4 Nbd7 11. Bf4 Ne8 12. h3 Rb8 13. a5 b5 14. axb6 Rxb6 15. Ra2 Qe7 16. Nd2 Ne5 17. Qc2 Bf5 18. e4 Bc8 19. Re1 Rb4 20. Ra4 Rb8 21. Kh2 Nc7 22. Be3 Nb5 23. f4 Nd7 24. Nxb5 axb5 25. Ra7 Qd8 26. Bf2 Qb6 27. Ra2 Bb7 28. b4 Ra8 29. Rxa8 Rxa8 30. Nb3 Rc8 31. e5 Qd8 32. bxc5 Nxc5 33. Nxc5 dxc5 34. Qb3 Qd7 35. Rb1 Ba6 36. Qa3 1-0


[Site "https://www.chess.com"]